 Dungeon Crawl Stone Soup version 0.17-a0-1150-g17b0b87 (webtiles) character file.

187 Chiseanne the Magician (level 5, -2/45 HPs)
             Began as a Draconian Wanderer on May 27, 2015.
             Killed by divine providence
             ... invoked by an orc priest
              (17 damage)
             ... on level 3 of the Dungeon.
             The game lasted 00:09:22 (3998 turns).

Chiseanne the Magician (Draconian Wanderer)         Turns: 3998, Time: 00:09:22

Health: -2/45      AC:  7    Str: 15    XL:     5   Next: 39%
Magic:  11/11      EV: 11    Int: 14    God:
Gold:   181        SH:  0    Dex: 11    Spells: 4 memorised, 4 levels left

rFire  . . .     SeeInvis .     g - +0 short sword
rCold  . . .     Clarity  .     (armour unavailable)
rNeg   . . .     SustAt   .     (no shield)
rPois  .         Gourm    .     (helmet restricted)
rElec  .         Spirit   .     j - +0 cloak
rCorr  .         Warding  .     (no gloves)
rMut   .         Stasis   .     e - +0 pair of boots
MR     .....                    (no amulet)
Stlth  +.........               (no ring)
                                (no ring)

@: not resistant to hostile enchantments, very unstealthy
A: unfitting armour, strong 1, cold-blooded, AC +5
a: no special abilities


You were on level 3 of the Dungeon.
You were not hungry.

You visited 1 branch of the dungeon, and saw 3 of its levels.

You collected 181 gold pieces.

Inventory:

Hand weapons
 g - a +0 short sword (weapon)
 w - a +0 blowgun
Missiles
 m - 61 arrows
 p - 5 poisoned needles
 t - 7 tomahawks (quivered)
Armour
 e - a +0 pair of boots (worn)
 j - a +0 cloak (worn)
Jewellery
 i - an uncursed amulet of stasis {unknown}
Scrolls
 c - a scroll of immolation
 f - 3 scrolls of remove curse
 l - 4 scrolls of fear
 u - a scroll of fog
 v - a scroll of identify
 y - 2 scrolls of teleportation {unknown}
 z - a scroll of enchant weapon {unknown}
Potions
 b - a potion of curing
 h - 2 potions of heal wounds
 n - 2 potions of agility
 o - 2 potions of resistance {unknown}
 r - a potion of might {unknown}
 x - a potion of brilliance {unknown}
Books
 a - a book of Minor Magic

   Spells                             Type                      Level
   a - Magic Dart                     Conjuration                  1
   b - Blink                          Translocation                2
   c - Call Imp                       Summoning                    2
   d - Repel Missiles                 Charms/Air                   2
   e - Slow                           Hexes                        2
   f - Conjure Flame                  Conjuration/Fire             3
   g - Mephitic Cloud                 Conjuration/Poison/Air       3
 s - a book of the Warp

   Spells                             Type                      Level
   a - Recall                         Summoning/Translocation      3
   b - Gell's Gravitas                Hexes/Translocation          3
   c - Control Teleport               Charms/Translocation         4
   d - Force Lance                    Conjuration/Translocation    4
   e - Phase Shift                    Translocation                5
   f - Warp Weapon                    Charms/Translocation         5
   g - Summon Forest                  Summoning/Translocation      5
Comestibles
 d - 3 bread rations
 k - a meat ration
 q - 3 fruits
 A - a chunk of flesh


   Skills:
 - Level 3.2 Fighting
   Level 2.0 Maces & Flails
   Level 1.0 Shields
 * Level 4.3 Spellcasting
 * Level 2.9 Conjurations
 - Level 1.0 Fire Magic
   Level 1.0 Evocations


You had 4 spell levels left.
You knew the following spells:

 Your Spells              Type           Power        Failure   Level  Hunger
a - Magic Dart            Conj           ##..         6%          1    None
b - Call Imp              Summ           #.......     30%         2    ##.....
c - Repel Missiles        Chrm/Air       #.....       30%         2    ##.....
d - Conjure Flame         Conj/Fire      #.......     24%         3    ###....


Dungeon Overview and Level Annotations

Branches:
Dungeon (3/15)

Altars:


Innate Abilities, Weirdness & Mutations

Your plain brown scales are hard (AC +5).
Your body does not fit into most forms of armour.
You are cold-blooded and may be slowed by cold attacks.
Your muscles are strong. (Str +2)


Message History

Orders for allies: a - Attack new target. r - Retreat! s - Stop attacking. w - Wait here. f - Follow me.
Anything else - Stay silent.
Gang up on whom?
Press: ? - help, Dir - move target cursor, f - orc
Aim: an orc, wielding a short sword of flaming Attack!
Your iron imp closely misses the orc.
The orc hits your iron imp with a short sword of flaming.
Your iron imp hits the orc.
Your iron imp hits the orc!
The orc dies!
Your iron imp hits the orc!
The orc dies!
An orc priest comes into view. It is wielding a hand axe of flaming.
You see here an adder skeleton.
Your iron imp disappears in a puff of smoke!
The orc priest calls down the wrath of Beogh upon you.
Something smites you!
You die...

##......# #.######.# ##......#
#.# #.# ##......# #.# #.#
.+......# #.# #.#
(#......######.# #.#
...#...........######.#####
......#..........)....#...#
.###..........#########o#.#
.'.#..........'.@.......#.####
.#.#..........##.#.######....#
.#.#..........+..#.#****####.#
.#.#..........##.#.#o,,,,,,#.#
##...#######'#####.#.*****,#.#
#......# #.....#.#o#****,#รท#
#......# #######.#.#..,,,,,#.#
.....>.# #.......#.#..######o#
.......# #.......#.#.o))5....#


You could see an orc priest.

Vanquished Creatures
  5 adders
  2 gnolls (D:1)
  3 worms
  5 giant geckos
  9 orcs (D:3)
  6 bats
  9 goblins
  14 hobgoblins
  A quokka (D:2)
  5 giant cockroaches
  4 giant newts
  11 kobolds
  7 rats
81 creatures vanquished.

Vanquished Creatures (collateral kills)
  An orc priest (D:3)
  2 orcs (D:3)
3 creatures vanquished.

Grand Total: 84 creatures vanquished

Notes
Turn   | Place    | Note
--------------------------------------------------------------
     0 | D:1      | Chiseanne the Draconian Wanderer began the quest for the Orb.
     0 | D:1      | Chiseanne set off with: a book of Minor Magic, a potion of curing, a +0 club, a bread ration
     0 | D:1      | Reached XP level 1. HP: 19/19 MP: 3/3
     2 | D:1      | Learned a level 1 spell: Magic Dart
   225 | D:1      | Reached skill level 1 in Conjurations
   225 | D:1      | Reached XP level 2. HP: 9/26 MP: 1/5
   504 | D:1      | Learned a level 2 spell: Call Imp
   507 | D:1      | Learned a level 2 spell: Repel Missiles
   690 | D:1      | Reached XP level 3. HP: 31/31 MP: 1/7
  1587 | D:2      | Learned a level 3 spell: Conjure Flame
  1623 | D:2      | Reached XP level 4. HP: 38/38 MP: 9/9
  1715 | D:2      | Gained mutation: Your muscles are strong. (Str +2) [potion of beneficial mutation]
  3202 | D:3      | Reached skill level 4 in Spellcasting
  3288 | D:3      | Reached XP level 5. HP: 31/45 MP: 11/11
  3998 | D:3      | Killed from afar by an orc priest

Vault maps used:
D:1:      dpeg_arrival_short_road
D:2:      minmay_box_of_dots
D:3:      first_bread

Action                   |  1- 3 |  4- 6 || total
-------------------------+-------+-------++-------
Melee: Club              |    22 |       ||    22
       Short sword       |    68 |   153 ||   221
 Cast: Magic Dart        |    52 |    62 ||   114
       Call Imp          |       |     2 ||     2
  Use: Scroll            |     6 |     6 ||    12
       Potion            |       |     1 ||     1
 Stab: Sleeping          |       |     1 ||     1
  Eat: Chunk             |     3 |     8 ||    11
